 Dungeon Crawl Stone Soup version 0.21-a0-442-g848f44b (webtiles) character file.

52 Autsider the Firebug (level 3, 0/19 HPs)
             Began as a Gargoyle Fire Elementalist on Nov 13, 2017.
             Slain by a phantom (4 damage)
             ... on level 2 of the Dungeon.
             The game lasted 00:05:38 (1343 turns).

Autsider the Firebug (Gargoyle Fire Elementalist)   Turns: 1343, Time: 00:05:38

Health: 0/19       AC:  6    Str: 11    XL:     3   Next: 85%
Magic:  2/6        EV: 12    Int: 16    God:
Gold:   70         SH:  0    Dex: 10    Spells: 0/6 levels left

rFire    . . .     SeeInvis .   k - +0 whip
rCold    . . .     Gourm    .   (no shield)
rNeg     + . .     Faith    .   a - +0 robe
rPois    ∞         Spirit   .   n - +0 helmet
rElec    +         Reflect  .   (no cloak)
rCorr    .         Harm     .   (no gloves)
MR       .....                  (no boots)
Stlth    ++........             (no amulet)
HPRegen  0.06/turn              (no ring)
MPRegen  0.10/turn              (no ring)

@: very slightly contaminated
A: negative energy resistance 1, electricity resistance, unbreathing,
petrification resistance, rot immunity, AC +3
a: no special abilities


You were on level 2 of the Dungeon.
You were hungry.

You visited 1 branch of the dungeon, and saw 2 of its levels.

You collected 70 gold pieces.

Inventory:

Hand Weapons
 k - a +0 whip (weapon)
 l - a +2 dagger of protection
Armour
 a - a +0 robe (worn)
 m - a +0 shield
 n - a +0 helmet (worn)
Scrolls
 d - a scroll of identify
Potions
 e - a potion of curing {unknown}
 f - 2 potions of heal wounds
 g - a potion of mutation {unknown}
Books
 b - a book of Flames

   Spells                             Type                      Level
   a - Flame Tongue                   Conjuration/Fire             1
   b - Throw Flame                    Conjuration/Fire             2
   c - Conjure Flame                  Conjuration/Fire             3
   d - Inner Flame                    Hexes/Fire                   3
   e - Sticky Flame                   Conjuration/Fire             4
   f - Fireball                       Conjuration/Fire             5
Comestibles
 c - 2 bread rations
 h - a royal jelly


   Skills:
 - Level 1.5 Dodging
 - Level 2.1 Stealth
 - Level 2.0 Spellcasting
 * Level 3.3 Conjurations
 + Level 3.5 Fire Magic


You couldn't memorise any spells.
You knew the following spells:

 Your Spells              Type           Power        Failure   Level  Hunger
a - Flame Tongue          Conj/Fire      ##...        4%          1    #......
b - Throw Flame           Conj/Fire      ##....       8%          2    ###....
c - Conjure Flame         Conj/Fire      ##......     16%         3    ###....


Dungeon Overview and Level Annotations

Branches:
Dungeon (2/15)

Altars:


Innate Abilities, Weirdness & Mutations

You are resistant to torment.
Your stone body is resilient. (AC +3)
You are immune to poison.
You resist negative energy. (rN+)
You are resistant to electric shocks. (rElec)
You can survive without breathing.
You are immune to petrification.
You are immune to rotting.


Message History

The flame tongue hits the phantom.
The phantom is severely damaged.
You are feeling hungry.
Casting: Flame Tongue
Confirm with . or Enter, or press ? or * to list all spells.
Aiming: Flame Tongue
Press: ? - help, Shift-Dir - straight line, f/p - phantom
Aim: a phantom (severely damaged)
You miscast Flame Tongue.
You are very lightly contaminated with residual magic.
Sparks fly from your hands! The phantom hits you.
* * * LOW HITPOINT WARNING * * *
The phantom blinks!
You barely miss the phantom.
The phantom is severely damaged.
The phantom closely misses you.
You closely miss the phantom.
The phantom is severely damaged.
The phantom hits you.
You die...

######## ##.......
#....#### #.<..# #....#
#....#
##..######################
........l@W...............
.....#######)#############
... ##'############# .
#.....<....#....
#..........###.#
#..........# #.(
#.W........# ###
#..........# #
#...(......# #


You could see a phantom and a leopard gecko.

Vanquished Creatures
  An ooze (D:1)
  2 worms (D:2)
  3 dart slugs (D:1)
  4 bats (D:1)
  2 giant cockroaches (D:1)
  3 goblins
  3 hobgoblins (D:1)
  2 jackals (D:2)
  6 kobolds (D:1)
  A frilled lizard (D:1)
  6 rats
33 creatures vanquished.

Notes
Turn   | Place    | Note
-------+----------+-------------------------------------------
     0 | D:1      | Autsider the Gargoyle Fire Elementalist began the quest for the Orb.
     0 | D:1      | Reached XP level 1. HP: 10/10 MP: 3/3
   323 | D:1      | Reached XP level 2. HP: 15/15 MP: 0/5
   710 | D:1      | Reached XP level 3. HP: 17/19 MP: 2/6
  1136 | D:2      | Learned a level 2 spell: Throw Flame
  1140 | D:2      | Learned a level 3 spell: Conjure Flame
  1230 | D:2      | Noticed a phantom
  1343 | D:2      | Slain by a phantom

Vault maps used:
D:1:      lightli_arrival_quake, hangedman_decor_points
D:2:      first_bread

Skill      XL: |  1  2  3 |
---------------+----------+-----
Conjurations   | 2 3 |  3.3
Dodging        | |  1.5
Stealth        | |  2.1
Spellcasting   | |  2.0
Fire Magic     | |  3.5

Action                   || total
-------------------------++-------
Melee: Unarmed           ||    12
       Whip              ||    79
 Cast: Flame Tongue      ||    52
  Use: Scroll            ||     3
  Eat: Chunk             ||     2
Armor: Robe              ||    35
Dodge: Dodged            ||    64
Block: Shield            ||     7

Table legend:
 A = Spawn XP
 B = Non-spawn XP
 C = Spawn XP percentage of total XP
 D = Spawn monster count
 E = Non-spawn monster count
 F = Spawn count percentage of total count
 G = Total turns spent on level
                    A         B        C        D         E        F      G
               +---------+---------+-------+---------+---------+-------+---------
         Total |       0 |      75 |   0.0 |       0 |      33 |   0.0 |  1343
               +---------+---------+-------+---------+---------+-------+---------
           D:1 |       0 |      57 |   0.0 |       0 |      27 |   0.0 |  1113
           D:2 |       0 |      18 |   0.0 |       0 |       6 |   0.0 |   230
               +---------+---------+-------+---------+---------+-------+---------
